 Dungeon Crawl Stone Soup version 0.14-a0-1388-g200237c (webtiles) character file.

926 PolkaDot the Ruinous (level 7, -8/46 HPs)
             Began as a Vampire Conjurer on Dec 9, 2013.
             Mangled by Pikel
             ... wielding a +1,+1 whip of electrocution
              (22 damage)
             ... on Level 4 of the Dungeon.
             The game lasted 00:14:35 (3920 turns).

PolkaDot the Ruinous (Vampire Conjurer)             Turns: 3920, Time: 00:14:35

HP  -8/46        AC  3     Str  7      XL: 7   Next: 40%
MP   1/13        EV 12     Int 19      God:
Gold 218         SH  0     Dex 14      Spells:  3 memorised,  4 levels left

rFire  . . .     SeeInvis +     w - +1,+2 dwarf dagger (freeze)
rCold  . . .     Clarity  .     x - +0 robe {MR+}
rNeg   . . .     Conserve +     (no shield)
rPois  .         rCorr    +     (no helmet)
rElec  .         rRot     .     v - +0 cloak {rCorr, Cons}
SustAb . .       Spirit   .     (no gloves)
rMut   .         Warding  .     (no boots)
Saprov . . .     Stasis   .     (no amulet)
                                (no ring)
                                b - cursed ring of sustenance

@: regenerating quickly, somewhat resistant to hostile enchantments, stealthy
A: bottle blood, fangs 3, see invisible, unbreathing
a: Bottle Blood


You were on level 4 of the Dungeon.
You were very full.

You visited 1 branch of the dungeon, and saw 4 of its levels.

You collected 218 gold pieces.

Inventory:

Hand weapons
 w - a +1,+2 dwarven dagger of freezing (weapon)
Armour
 v - a +0 cloak of preservation (worn)
 x - a +0 robe of magic resistance (worn)
Scrolls
 e - a scroll of noise {unknown}
 h - a scroll of blinking
 i - 2 scrolls of teleportation
 k - a scroll of remove curse
 n - a scroll of fear {unknown}
 o - a scroll of enchant weapon II {unknown}
 p - a scroll of fog {unknown}
 s - a scroll of amnesia {unknown}
 t - a scroll of enchant armour {unknown}
 u - a scroll of curse jewellery {unknown}
Jewellery
 b - a cursed ring of sustenance (left hand)
Potions
 a - a potion of magic {unknown}
 d - 2 potions of agility
 f - a potion of brilliance
 g - a potion of heal wounds
 j - a potion of cure mutation
 l - 2 potions of speed
 m - 7 potions of curing
 q - 3 potions of restore abilities
 r - a potion of poison {unknown}
Books
 c - a book of Conjurations

   Spells                             Type                      Level
   *Magic Dart                        Conjuration                  1
   *Searing Ray                       Conjuration                  2
   Dazzling Spray                     Conjuration/Hexes            3
   *Iskenderun's Mystic Blast         Conjuration                  4
   Iskenderun's Battlesphere          Conjuration/Charms           4
   Fulminant Prism                    Conjuration/Hexes            5


   Skills:
 - Level 2.1 Dodging
 - Level 3.0 Stealth
 - Level 2.9 Spellcasting
 * Level 6.7 Conjurations


You had 4 spell levels left.
You knew the following spells:

 Your Spells              Type           Power        Failure   Level  Hunger
a - Magic Dart            Conj           ####         1%          1    None
d - Iskenderun's Mystic   Conj           ####....     12%         4    ####...
s - Searing Ray           Conj           ####..       1%          2    ##.....


Dungeon Overview and Level Annotations

Branches:
Dungeon (4/16)
 Temple: D:4-7

Altars:
Makhleb

Annotations:
D:4 Pikel


Innate Abilities, Weirdness & Mutations

Your natural rate of healing is unusually fast.
You can bottle blood from corpses.
You have razor-sharp teeth.*
You have supernaturally acute eyesight.
You can survive without breathing.*


Message History

The searing ray misses Pikel.
The searing ray misses the slave.
The searing ray misses the slave.
* * * LOW MAGIC WARNING * * *
The searing ray hits Pikel.
Pikel is severely wounded.
* * * LOW MAGIC WARNING * * *
Pikel hits you but does no damage.
Without enough magic to sustain it, your searing ray dissipates.
Pikel hits you with a glowing whip!
You hit Pikel but do no damage.
Pikel is severely wounded.
Pikel cracks his whip.
Pikel hits you but does no damage.
You hit Pikel but do no damage.
Pikel is severely wounded.
Pikel hits you with a glowing whip.
You hit Pikel but do no damage.
Pikel is severely wounded.
Pikel hits you with a glowing whip.
You are electrocuted!
You die...

########.......##
#<...............
########.#####... ######## #.#
#### #......# #.# # #......# #.#
# #......####### #.# #
#......'.....# #.# #
#......#####@# #.# # ######.# #K#
#.# # ####### #.# #@# #.# #
......# #.# .@# #.### # (.....#
#.#############.#.# ###
......####...............#.####.#
......'.........................#
......######.........##....####.#
......# #####.###.##.......#.#


You could see Pikel and 2 slaves.

Vanquished Creatures
  Grinder (D:4)
  Menkaure (D:4)
  A slave (D:4)
  Crazy Yiuf (D:3)
  2 orc wizards (D:3)
  2 scorpions (D:4)
  Jessica (D:3)
  9 adders
  4 gnolls (D:4)
  A giant mite (D:3)
  A worm (D:2)
  A giant eyeball (D:3)
  4 giant geckos
  An ooze (D:1)
  3 orcs
  3 ball pythons
  3 giant cockroaches
  7 goblins
  9 hobgoblins
  10 kobolds
  8 bats
  A giant newt (D:1)
  2 jackals (D:2)
  3 quokkas
  7 rats
86 creatures vanquished.

Notes
Turn   | Place    | Note
--------------------------------------------------------------
     0 | D:1      | PolkaDot, the Vampire Conjurer, began the quest for the Orb.
     0 | D:1      | Reached XP level 1. HP: 13/13 MP: 3/3
   166 | D:1      | Reached XP level 2. HP: 2/19 MP: 0/4
   308 | D:1      | Learned a level 2 spell: Searing Ray
   962 | D:2      | Reached XP level 3. HP: 17/24 MP: 1/6
  1258 | D:2      | Found a burning altar of Makhleb.
  1566 | D:2      | Reached XP level 4. HP: 25/30 MP: 4/8
  2001 | D:2      | Reached skill level 4 in Conjurations
  2301 | D:2      | Learned a level 4 spell: Iskenderun's Mystic Blast
  2337 | D:3      | Paralysed by a giant eyeball for 4 turns
  2347 | D:3      | Paralysed by a giant eyeball for 2 turns
  2561 | D:3      | Reached XP level 5. HP: 26/35 MP: 10/10
  2858 | D:3      | Noticed Crazy Yiuf
  2868 | D:3      | Killed Crazy Yiuf
  2868 | D:3      | Reached skill level 5 in Conjurations
  2873 | D:3      | Identified a +0 cloak of preservation (You took it off Crazy Yiuf on level 3 of the Dungeon)
  3044 | D:3      | Noticed Jessica
  3057 | D:3      | Killed Jessica
  3248 | D:4      | Reached XP level 6. HP: 41/41 MP: 3/11
  3541 | D:4      | Noticed Grinder
  3551 | D:4      | Killed Grinder
  3551 | D:4      | Reached skill level 6 in Conjurations
  3551 | D:4      | Reached XP level 7. HP: 46/46 MP: 4/13
  3842 | D:4      | Noticed Menkaure
  3850 | D:4      | Killed Menkaure
  3900 | D:4      | Noticed a slave
  3900 | D:4      | Noticed a slave
  3901 | D:4      | Noticed a slave
  3903 | D:4      | Noticed Pikel
  3910 | D:4      | Killed a slave
  3920 | D:4      | Mangled by Pikel

Action                   |  1- 3 |  4- 6 |  7- 9 || total
-------------------------+-------+-------+-------++-------
Melee: Unarmed           |    27 |       |       ||    27
       Spear             |    78 |    81 |       ||   159
       Dagger            |       |    32 |    21 ||    53
 Cast: Magic Dart        |    16 |       |       ||    16
       Searing Ray       |     6 |    20 |     5 ||    31
  Use: Potion            |     1 |     1 |     1 ||     3
       Scroll            |     4 |     6 |       ||    10
 Stab: Sleeping          |     4 |     6 |     2 ||    12
       Distracted        |       |     1 |       ||     1
